 Dungeon Crawl Stone Soup version 0.18.1-5-g4a78601 (webtiles) character file.

398700 Kenran the Executioner (level 22, -19/224 HPs)
             Began as a Deep Dwarf Fighter on May 14, 2016.
             Was the Champion of Makhleb.
             Shot with a bolt by a yaktaur (27 damage)
             ... on level 3 of the Depths.
             The game lasted 04:17:22 (49346 turns).

Kenran the Executioner (Deep Dwarf Fighter)        Turns: 49346, Time: 04:17:23

Health: -19/224    AC: -2    Str: 23    XL:     22   Next: 23%
Magic:  17/27      EV:  7    Int:  9    God:    Makhleb [******]
Gold:   1799       SH:  6    Dex: 19    Spells: 0 memorised, 21 levels left

rFire  + . .     SeeInvis .     V - +9 executioner's axe (flame)
rCold  . . .     Gourm    .     I - +1 plate armour {rF+}
rNeg   + . .     Faith    .     (shield currently unavailable)
rPois  .         Spirit   .     g - +2 hat {MR+}
rElec  .         Dismiss  .     Z - +2 cloak {MR+}
rCorr  .         Reflect  +     T - +0 pair of gloves
SustAt .         Harm     .     l - +0 pair of boots
MR     +++++                    A - +6 amulet of reflection
Stlth  ..........               r - +5 ring of protection
                                v - +4 ring of protection

@: lethally poisoned (-19 -> -48), corroded, non-regenerating, drained, almost
entirely resistant to hostile enchantments, extremely unstealthy
A: damage resistance, recharge devices, thin metallic scales 1, high mp 1,
negative energy resistance 1, sense surroundings 3, slow regeneration 3
a: Device Recharging, Minor Destruction, Lesser Servant of Makhleb, Major
Destruction, Greater Servant of Makhleb, Renounce Religion
}: 2/15 runes: serpentine, barnacled


You were on level 3 of the Depths.
You worshipped Makhleb.
Makhleb was exalted by your worship.
You were not hungry.

You visited 9 branches of the dungeon, and saw 43 of its levels.
You visited the Abyss 2 times.
You also visited: Volcano.

You collected 3464 gold pieces.
You spent 1665 gold pieces at shops.

Inventory:

Hand Weapons
 V - a +9 executioner's axe of flaming (weapon)
Armour
 g - a +2 hat of magic resistance (worn)
 l - a +0 pair of boots (worn)
 u - a +1 cloak of poison resistance
 I - a +1 plate armour of fire resistance (worn)
 T - a +0 pair of gloves (worn)
 Z - a +2 cloak of magic resistance (worn)
Jewellery
 c - an uncursed ring of see invisible
 r - a +5 ring of protection (right hand)
 v - a +4 ring of protection (left hand)
 A - a +6 amulet of reflection (around neck)
 H - the ring "Eneptaotz" {Ice rElec rN+}
   (You found it on level 2 of the Shoals)

   [ring of ice]

   It enhances your ice magic, and weakens your fire magic.
   It makes you vulnerable to fire.
   It protects you from cold.
   It insulates you from electricity.
   It protects you from negative energy.
 O - an uncursed ring of protection from fire
 Y - the ring "Zefok" {rPois MR+ Dex+2}
   (You found it on level 2 of the Depths)

   [ring of protection from magic]

   It affects your dexterity (+2).
   It protects you from poison.
   It affects your resistance to hostile enchantments.
Wands
 a - a wand of teleportation (4/9)
 e - a wand of heal wounds (7/9)
 k - a wand of teleportation (2/9)
 x - a wand of hasting (3/9)
Scrolls
 d - 2 scrolls of summoning
 j - 4 scrolls of enchant weapon
 w - 2 scrolls of immolation
 y - a scroll of blinking
 C - 13 scrolls of remove curse
 D - 6 scrolls of magic mapping
 E - 2 scrolls of amnesia
 G - 3 scrolls of teleportation
 J - 6 scrolls of recharging
 L - 8 scrolls of fear
 P - a scroll of holy word
 W - 5 scrolls of fog
 X - 6 scrolls of enchant armour
Potions
 i - 2 potions of cure mutation
 m - 2 potions of flight {unknown}
 n - 8 potions of cancellation
 o - 3 potions of invisibility
 p - 10 potions of heal wounds
 t - 10 potions of curing
 z - 2 potions of ambrosia
 F - 3 potions of haste
 M - a potion of resistance
 Q - 3 potions of berserk rage
 R - 3 potions of agility
 U - 2 potions of might
Miscellaneous
 q - a phantom mirror
 s - a fan of gales
 K - a sack of spiders
 S - a stone of tremors
Comestibles
 f - 20 bread rations
 h - 18 meat rations


   Skills:
 - Level 19.0(18.6) Fighting
 - Level 26.1(25.6) Axes
 - Level 15.2(14.8) Armour
   Level 3.2(2.9) Shields
 + Level 18.3(17.9) Invocations
 - Level 13.5(13.1) Evocations


You had 21 spell levels left.
You didn't know any spells.

Dungeon Overview and Level Annotations

Branches:
Dungeon (15/15)            Temple (1/1) D:6            Lair (8/8) D:11
 Shoals (4/4) Lair:4        Snake (4/4) Lair:5        Slime (0/6) Lair:8
    Orc (2/2) D:9             Elf (1/3) Orc:2        Vaults (4/5) D:14
  Crypt (0/3) Vaults:3     Depths (4/5) D:15

Altars:
Ashenzari
Cheibriados
Dithmenos
Elyvilon
Fedhas
Gozag
Kikubaaqudgha
Makhleb
Nemelex Xobeh
Okawaru
Pakellas
Ru
Sif Muna
Trog
Vehumet
Xom
Yredelemnul
The Shining One
Beogh
Jiyva

Shops:
D:4 }   D:8 (%*   Orc:2 (*?(   Snake:1 }   Vaults:4 }?:(

Portals:
Hell: Depths:1 Depths:2 Depths:4
Abyss: Depths:4
Trove: Vaults:4 (give horn of Geryon)

Annotations:
D:6 Crazy Yiuf
Snake:3 Azathoth19's ghost, adept MiFi


Innate Abilities, Weirdness & Mutations

You are resistant to damage.
You can recharge devices by infusing magical energy.
You resist negative energy.
You passively map a large area around you.
You do not regenerate naturally.
You are partially covered in thin metallic scales (AC +2).
You have an increased reservoir of magic (+10% MP).


Message History

* * * LOW HITPOINT WARNING * * *
The yaktaur shoots a bolt.
The bolt hits you!!
* * * LOW HITPOINT WARNING * * *
The bolt burns you.
* * * LOW HITPOINT WARNING * * *
You block the redback's attack. The redback barely misses you.
The spectral troll bites you.
* * * LOW HITPOINT WARNING * * *
The spectral troll claws you!
* * * LOW HITPOINT WARNING * * *
The spectral troll barely misses you.
You hear a shout!
Drink which item? (? for menu, Esc to quit)
You feel better. The redback bites you!
* * * LOW HITPOINT WARNING * * *
You are lethally poisoned!
The redback poisons you! The redback bites you!
* * * LOW HITPOINT WARNING * * *
The yaktaur shoots a bolt.
The bolt hits you!!
You die...

, * , ..........#
...
*...*,..........#
,, **, ,..
##'#######+###O## ,
, , ..#.......#,
#p{.# , * , ,
,.#.....≈.#, #...#
* , '.....≈.#,
+.D.#** * ,
#.p.c.≈.#, #...#,O
, ,
#ss).≈..##+###'##.D
, ,,
#.@..≈..R..V..†.)pO
*
#.Z.≈...####+####OD
,, ,,, , #...≈...#
,, ,, * O ,,, ,
###≈≈##+# , , ,, ,
* ≈.. , ,, ...+ * ,
, ...#,* , , , ≈
...#,' , , , , ,,,
* , ,


You could see an entropy weaver, a rakshasa, a yaktaur, a spectral troll and 2
redbacks.

Vanquished Creatures
  An ancient lich (Depths:3)
  Vashnia (Snake:2)
  Saint Roka (Snake:1)
  Jorgrun (Vaults:4)
  2 tentacled monstrosities
  3 liches
  A titan (Depths:2)
  A kraken (Shoals:2)
  2 sphinxes (Vaults:4)
  Agnes (Snake:1)
  A shadow dragon (Depths:4)
  7 fire giants
  3 tengu reavers
  Ilsuiw (Shoals:4)
  Donald (Snake:2)
  8 greater nagas (Snake:4)
  Aizul (Snake:4)
  5 frost giants
  7 vault wardens
  2 orc warlords
  2 deep elf sorcerers
  14 ironheart preservers
  15 stone giants
  20 very ugly things
  3 vampire knights
  A deep elf annihilator (Vaults:4)
  A deep elf demonologist (Vaults:2)
  4 spark wasps (Depths:2)
  6 merfolk javelineers
  The ghost of DrakieV the Stickfighter, a journeyman GrGl of Makhleb (Lair:5)
  9 merfolk impalers
  7 fire dragons
  3 ettins (Depths:2)
  3 deep elf death magi
  3 jiangshi (Depths:2)
  Josephine (Snake:2)
  7 yaktaur captains
  4 rakshasas
  10 vault guards
  5 great orbs of eyes
  3 entropy weavers
  A spriggan air mage (Depths:4)
  Harold (Lair:4)
  6 hydras
  10 naga warriors
  4 ice dragons
  10 ogre magi
  Erica (D:9)
  4 merfolk aquamancers (Shoals:4)
  10 centaur warriors
  11 anacondas
  4 deep troll shamans
  3 tengu warriors (Depths:2)
  A queen ant (Lair:6)
  A vampire mage (Depths:2)
  3 satyrs (Shoals:4)
  10 death yaks
  A thrashing horror (Abyss:1)
  2 deep troll earth magi
  3 spriggan berserkers
  4 orc high priests (Orc:2)
  7 hell knights
  5 shock serpents
  A titan zombie (Vaults:4)
  Sonja (Orc:2)
  13 naga sharpshooters
  A fire crab (shapeshifter) (Depths:4)
  10 skeletal warriors
  2 fire crabs
  5 deep elf knights
  A wretched star (Abyss:1)
  A shadow wraith (Depths:3)
  5 wizards
  5 unseen horrors
  An iron troll (shapeshifter) (Depths:2)
  2 sea snakes (Shoals:4)
  A flayed ghost (Depths:3)
  4 giant orange brains
  24 deep trolls
  3 phantasmal warriors
  An anubis guard (shapeshifter) (D:15)
  13 deep elf archers
  5 ironbrand convokers
  A lindwurm (Lair:5)
  5 hill giants
  22 harpies
  A harpy (shapeshifter) (D:15)
  13 naga ritualists
  11 orc knights
  20 deep elf magi
  4 necromancers
  23 ugly things
  4 orc sorcerers
  A fire giant zombie (Vaults:4)
  2 mana vipers (shapeshifter)
  2 hornets
  8 manticores
  3 fauns (Shoals:4)
  A shadow dragon skeleton (Abyss:1)
  6 wolf spiders
  A salamander (shapeshifter) (Vaults:3)
  6 cyclopes
  9 griffons
  7 salamanders
  11 mana vipers
  19 elephants
  Maurice (D:8)
  54 black mambas
  An elephant (shapeshifter) (Vaults:4)
  5 water nymphs
  7 sirens
  14 vault sentinels
  19 naga magi
  A black mamba (shapeshifter) (Vaults:1)
  5 spectral swamp worms (Depths:1)
  4 guardian serpents
  A torpor snail (shapeshifter) (Vaults:3)
  A gargoyle (D:11)
  Joseph (Lair:1)
  2 smoke demons (Abyss:1)
  3 kobold demonologists
  15 spiny frogs
  A rime drake (Lair:8)
  9 komodo dragons
  29 yaktaurs
  A demonic crawler (Abyss:1)
  A tengu conjurer (Depths:2)
  The ghost of 2d6 the Charlatan, a novice KoAr (D:5)
  13 trolls
  A troll (shapeshifter) (Vaults:1)
  A queen bee (shapeshifter) (Vaults:3)
  7 freezing wraiths
  An ancient zyme (Abyss:1)
  19 merfolk
  2 jumping spiders
  A wind drake (Shoals:2)
  6 raiju
  19 two-headed ogres
  2 boulder beetles
  25 blink frogs
  39 slime creatures
  A sphinx simulacrum (Vaults:4)
  An ettin zombie (Vaults:4)
  A frost giant simulacrum (Vaults:4)
  7 snapping turtles
  11 redbacks
  A spriggan (Depths:4)
  2 spriggans (shapeshifter) (D:15)
  9 water elementals
  4 shadows (Depths:3)
  A ynoxinul (Abyss:1)
  4 flying skulls (Abyss:1)
  A fire elemental (Lair:5)
  13 wyverns
  Eustachio (D:6)
  A vampire (D:9)
  Sigmund (D:5)
  8 wraiths
  21 humans (D:14)
  A basilisk (shapeshifter) (Vaults:2)
  10 basilisks
  13 hippogriffs
  3 hungry ghosts
  A tarantella (Depths:2)
  45 yaks
  A hog (shapeshifter) (D:13)
  A human simulacrum (Vaults:4)
  10 vampire mosquitoes
  Menkaure (D:5)
  10 wargs
  A mottled dragon (D:10)
  43 nagas
  15 water moccasins
  Edmund (D:4)
  13 soldier ants (Lair:6)
  4 hell hounds (Depths:3)
  12 porcupines
  5 sky beasts
  5 ice beasts
  58 orc warriors
  2 black bears
  An eye of draining (shapeshifter) (Vaults:3)
  4 wasps
  3 necrophages
  2 eyes of draining
  A phantom (D:9)
  An elf zombie (Vaults:4)
  20 wolves
  17 boggarts
  3 small abominations (Abyss:1)
  54 ogres
  11 centaurs
  16 crocodiles
  A big kobold (D:13)
  13 giant frogs
  4 wyvern skeletons
  4 scorpions
  6 killer bees (D:12)
  A spectral ogre (Depths:3)
  11 wights
  8 howler monkeys
  3 electric eels
  7 crimson imps
  4 centaur zombies
  2 lava snakes (Lair:5)
  A giant frog zombie (D:10)
  A wasp zombie (D:14)
  2 quasits
  2 spectral centaurs (Depths:3)
  9 hounds
  3 human zombies
  5 jellies
  A giant frog skeleton (D:6)
  33 orc priests
  5 centaur skeletons
  2 iron imps (Abyss:1)
  5 iguanas
  5 human skeletons
  25 orc wizards
  Natasha (thrice) (D:2)
  63 worker ants
  A killer bee zombie (D:9)
  18 sheep
  A hound skeleton (D:7)
  2 worker ant zombies
  25 adders
  4 gnolls
  74 river rats
  3 shadow imps
  A white imp (Abyss:1)
  An ooze (D:1)
  An adder zombie (D:8)
  2 adder skeletons
  3 worms (D:2)
  2 dart slugs (D:3)
  6 giant geckos
  123 orcs
  A ball python (D:2)
  5 giant cockroaches
  11 goblins
  6 hobgoblins
  19 jackals
  A quokka (D:10)
  8 bats
  A giant newt (D:2)
  11 kobolds
  A quokka skeleton (D:5)
  A quokka zombie (D:6)
  6 rats
  13 fungi
  A lurking horror (Abyss:1)
  26 plants
  4 tentacles (Shoals:2)
1952 creatures vanquished.

Vanquished Creatures (collateral kills)
  Louise (Depths:4)
  2 merfolk aquamancers (Shoals:4)
  A satyr (Shoals:4)
  A water nymph (Shoals:4)
  A boggart (Depths:2)
  A crimson imp (Depths:4)
7 creatures vanquished.

Vanquished Creatures (others)
  A naga sharpshooter (Snake:3)
  A guardian serpent (Snake:4)
  2 boggarts
  A wolf (Depths:3)
  4 centaurs
  An orc (Vaults:4)
  12 fungi
  12 plants
  22 tentacles (Shoals:2)
  293 tentacle segments (Shoals:2)
349 creatures vanquished.

Grand Total: 2308 creatures vanquished

Notes
Turn   | Place    | Note
--------------------------------------------------------------
     0 | D:1      | Kenran the Deep Dwarf Fighter began the quest for the Orb.
     0 | D:1      | Reached XP level 1. HP: 20/20 MP: 1/1
   169 | D:1      | Reached skill level 3 in Axes
   169 | D:1      | Reached XP level 2. HP: 27/27 MP: 2/2
   456 | D:2      | Noticed Natasha
   465 | D:2      | Killed Natasha
   465 | D:2      | Reached skill level 4 in Axes
   465 | D:2      | Reached XP level 3. HP: 8/33 MP: 3/3
   483 | D:2      | Noticed Natasha
   505 | D:2      | Killed Natasha
   505 | D:2      | Reached XP level 4. HP: 15/40 MP: 4/4
   534 | D:2      | Reached skill level 5 in Axes
   672 | D:2      | Noticed Natasha
   818 | D:2      | Killed Natasha
  1209 | D:2      | Reached XP level 5. HP: 28/46 MP: 5/5
  1456 | D:3      | Found a shimmering altar of Xom.
  1554 | D:3      | Found an iron altar of Okawaru.
  1562 | D:3      | Reached skill level 6 in Axes
  2242 | D:3      | Found a snail-covered altar of Cheibriados.
  2425 | D:3      | Reached skill level 7 in Axes
  2425 | D:3      | Reached XP level 6. HP: 51/55 MP: 5/5
  3054 | D:4      | Reached skill level 8 in Axes
  3362 | D:4      | Found an oddly glowing altar of Pakellas.
  3362 | D:4      | Found Pakellas's Prime Provisions.
  3463 | D:5      | Entered Level 5 of the Dungeon
  3471 | D:4      | Reached XP level 7. HP: 61/61 MP: 6/6
  3610 | D:5      | Got a fine scale mail
  3613 | D:5      | Identified the +1 scale mail of Ziylet {Int+9} (You found it on level 5 of the Dungeon)
  3627 | D:5      | Noticed 2d6's ghost (novice KoAr)
  3700 | D:5      | Reached skill level 9 in Axes
  3807 | D:5      | Noticed Menkaure
  3860 | D:5      | Found a basalt altar of Yredelemnul.
  3870 | D:5      | Identified Gywoc's Guide on Creative Evil Rituals
  4041 | D:6      | Got a polished war axe
  4044 | D:6      | Identified the +0 war axe of the Grave {drain, *Drain rN+ MP+9 Stlth+} (You found it on level 6 of the Dungeon)
  4161 | D:6      | Found a shattered altar of Ashenzari.
  4177 | D:6      | Reached skill level 10 in Axes
  4248 | D:6      | Found a staircase to the Ecumenical Temple.
  4254 | Temple   | Entered the Ecumenical Temple
  4273 | Temple   | Became a worshipper of Makhleb the Destroyer
  4342 | D:6      | Reached XP level 8. HP: 47/68 MP: 7/7
  4455 | D:6      | Found a sacrificial altar of Ru.
  4798 | D:6      | Noticed Eustachio
  4889 | D:5      | Killed 2d6's ghost
  4889 | D:5      | Reached skill level 5 in Fighting
  4896 | D:5      | Noticed Sigmund
  4923 | D:5      | Killed Sigmund
  5028 | D:6      | Killed Eustachio
  5042 | D:5      | Gained mutation: You passively map the area around you. [Deep Dwarf growth]
  5042 | D:5      | Reached XP level 9. HP: 43/86 MP: 7/7
  5169 | D:5      | Noticed Edmund
  5196 | D:4      | Killed Edmund
  5196 | D:4      | Reached * piety under Makhleb
  5672 | D:5      | Killed Menkaure
  5777 | D:5      | Found a radiant altar of Vehumet.
  5800 | D:5      | Found a white marble altar of Elyvilon.
  6159 | D:6      | Noticed Crazy Yiuf
  6585 | D:7      | Reached skill level 5 in Armour
  6757 | D:7      | Reached ** piety under Makhleb
  7226 | D:8      | Found a white marble altar of Elyvilon.
  7283 | D:8      | Found Pilu's Weapon Shoppe.
  7310 | D:8      | Found Degirch's Assorted Antiques.
  7344 | D:8      | Bought a blue potion for 20 gold pieces
  7344 | D:8      | Bought a scroll labeled KANUSTR DUIFI KYAQ for 23 gold pieces
  7344 | D:8      | Bought a scroll labeled WOGU PEUMNAZE for 23 gold pieces
  7396 | D:8      | Noticed Maurice
  7418 | D:8      | Killed Maurice
  7491 | D:8      | Noticed a hill giant
  7509 | D:8      | Found Kuog's Food Shoppe.
  7662 | D:8      | Killed a hill giant
  7662 | D:8      | Reached XP level 10. HP: 39/96 MP: 7/7
  7760 | D:8      | Reached skill level 11 in Axes
  8201 | D:9      | Found a staircase to the Orcish Mines.
  8226 | D:9      | Reached *** piety under Makhleb
  8267 | D:9      | Found a deep blue altar of Sif Muna.
  8334 | D:9      | Noticed Erica
  8404 | D:9      | Killed Erica
  8404 | D:9      | Reached skill level 12 in Axes
  9110 | D:10     | Entered Level 10 of the Dungeon
  9293 | D:10     | Reached skill level 13 in Axes
  9893 | D:10     | Killed an unseen horror
 10270 | D:10     | Reached XP level 11. HP: 68/103 MP: 8/8
 10473 | D:11     | Reached **** piety under Makhleb
 10488 | D:11     | Reached skill level 14 in Axes
 10709 | D:11     | Found a staircase to the Lair.
 11138 | D:11     | Found a shadowy altar of Dithmenos.
 11424 | Lair:1   | Entered Level 1 of the Lair of Beasts
 11621 | Lair:1   | Noticed Joseph
 11646 | Lair:1   | Killed Joseph
 11808 | Lair:1   | Reached skill level 10 in Fighting
 11974 | Lair:1   | Reached ***** piety under Makhleb
 13496 | Lair:2   | Reached XP level 12. HP: 122/122 MP: 9/9
 13817 | Lair:3   | Noticed a seven-headed hydra
 14258 | Orc:1    | Entered Level 1 of the Orcish Mines
 14607 | Orc:1    | Found a roughly hewn altar of Beogh.
 14621 | Orc:1    | Noticed an orc warlord
 15098 | Lair:3   | Noticed a seven-headed hydra
 15218 | Lair:3   | Killed a seven-headed hydra
 15990 | Lair:4   | Found a staircase to the Shoals.
 15990 | Lair:4   | Noticed Harold
 16216 | Lair:4   | Killed a seven-headed hydra
 16413 | Lair:4   | Reached ****** piety under Makhleb
 16545 | Lair:4   | Found a dark tunnel.
 16550 | Volcano  | Entered a volcano
 16803 | Volcano  | Reached skill level 5 in Invocations
 17041 | Lair:4   | Killed Harold
 17405 | Lair:5   | Reached XP level 13. HP: 86/135 MP: 14/14
 17488 | Lair:5   | Found a staircase to the Snake Pit.
 17922 | Lair:5   | Noticed DrakieV's ghost (journeyman GrGl)
 17927 | Lair:5   | Reached skill level 15 in Axes
 17933 | Lair:5   | Killed DrakieV's ghost
 18494 | Lair:6   | Reached skill level 16 in Axes
 18845 | Lair:6   | Reached skill level 17 in Axes
 19514 | Orc:1    | Killed an orc warlord
 19658 | Orc:2    | Entered Level 2 of the Orcish Mines
 20015 | Orc:2    | Gained mutation: You resist negative energy. [Deep Dwarf growth]
 20015 | Orc:2    | Reached XP level 14. HP: 144/144 MP: 15/15
 20321 | Orc:2    | Reached skill level 18 in Axes
 20364 | Orc:2    | Found a staircase to the Elven Halls.
 20568 | Orc:2    | Noticed Sonja
 20600 | Orc:2    | Cast into level 1 of the Abyss (Sonja)
 20601 | Abyss:1  | Found a corrupted altar of Lugonu.
 21092 | Orc:2    | Escaped the Abyss
 21102 | Orc:2    | Killed Sonja
 21119 | Orc:2    | Found a roughly hewn altar of Beogh.
 21268 | Orc:2    | Found Jiang's Antique Weapon Boutique.
 21527 | Orc:2    | Found Ode Xaas's Magic Scroll Shop.
 21540 | Orc:2    | Bought a scroll of identify for 32 gold pieces
 21540 | Orc:2    | Bought a scroll of enchant armour for 120 gold pieces
 21540 | Orc:2    | Bought a scroll of identify for 32 gold pieces
 21540 | Orc:2    | Bought a scroll of identify for 32 gold pieces
 21540 | Orc:2    | Bought a scroll of remove curse for 48 gold pieces
 21540 | Orc:2    | Bought a scroll of enchant weapon for 120 gold pieces
 21723 | Orc:2    | Noticed an orc warlord
 21743 | Orc:2    | Killed an orc warlord
 21743 | Orc:2    | Reached skill level 19 in Axes
 21774 | Orc:2    | Found a roughly hewn altar of Beogh.
 22004 | Orc:2    | Found Viphun's Assorted Antiques.
 22054 | Orc:2    | Found Juow's Antique Weapon Boutique.
 22881 | Lair:7   | Reached skill level 20 in Axes
 23373 | Lair:7   | You fall through a shaft!
 23373 | Lair:8   | Entered Level 8 of the Lair of Beasts
 23577 | Lair:8   | Reached XP level 15. HP: 151/151 MP: 14/14
 23772 | Lair:8   | Identified the Almanac of Supportive Air
 23966 | Lair:8   | Reached skill level 21 in Axes
 24346 | Lair:8   | Found a viscous altar of Jiyva.
 24347 | Lair:8   | Found a staircase to the Slime Pits.
 25396 | D:13     | Reached skill level 10 in Armour
 26650 | D:13     | You fall through a shaft for 2 floors!
 26650 | D:15     | Entered Level 15 of the Dungeon
 27432 | D:14     | Reached XP level 16. HP: 160/160 MP: 15/15
 27458 | D:14     | Found a gate to the Vaults.
 28065 | D:15     | Found a staircase to the Depths.
 28073 | D:15     | Reached skill level 15 in Fighting
 28516 | D:15     | Found a blossoming altar of Fedhas.
 28910 | Snake:1  | Entered Level 1 of the Snake Pit
 29239 | Snake:1  | Reached skill level 22 in Axes
 29260 | Snake:1  | Gained mutation: Your mind is acute. (Int +2) [potion of beneficial mutation]
 29261 | Snake:1  | Gained mutation: You are partially covered in icy blue scales (AC +1). [potion of beneficial mutation]
 29313 | Snake:1  | Noticed Agnes
 29324 | Snake:1  | Killed Agnes
 29580 | Snake:1  | Found Kohias's Gadget Boutique.
 30059 | Snake:2  | Noticed Saint Roka
 30059 | Snake:2  | Noticed Vashnia
 30095 | Snake:2  | Killed Vashnia
 30294 | Snake:2  | Noticed Josephine
 30323 | Snake:1  | Killed Saint Roka
 30424 | Snake:1  | Gained mutation: Your body sometimes deteriorates upon taking damage. [potion of mutation]
 30424 | Snake:1  | Lost mutation: Your mind is acute. (Int +2) [potion of mutation]
 30425 | Snake:1  | Lost mutation: Your body sometimes deteriorates upon taking damage. [potion of cure mutation]
 30425 | Snake:1  | Lost mutation: You are partially covered in icy blue scales (AC +1). [potion of cure mutation]
 30442 | Snake:2  | Killed Josephine
 30564 | Snake:2  | Reached skill level 23 in Axes
 30973 | Snake:2  | Noticed Donald
 30991 | Snake:2  | Killed Donald
 31667 | Snake:3  | Reached XP level 17. HP: 170/170 MP: 19/19
 31680 | Snake:3  | Reached skill level 10 in Invocations
 31684 | Snake:3  | Noticed Azathoth19's ghost (adept MiFi)
 32543 | Snake:4  | Entered Level 4 of the Snake Pit
 33150 | Snake:4  | Noticed Aizul
 33156 | Snake:4  | Reached skill level 24 in Axes
 33165 | Snake:4  | Killed Aizul
 34568 | Snake:4  | Reached skill level 25 in Axes
 34575 | Snake:4  | Reached skill level 1 in Evocations
 34607 | Snake:4  | Got a serpentine rune of Zot
 35135 | Elf:1    | Entered Level 1 of the Elven Halls
 35148 | Orc:2    | Gained mutation: You passively map a large area around you. [Deep Dwarf growth]
 35148 | Orc:2    | Reached XP level 18. HP: 178/178 MP: 19/19
 35369 | Shoals:1 | Entered Level 1 of the Shoals
 35555 | Shoals:1 | Reached skill level 5 in Evocations
 35784 | Shoals:2 | Got a flickering marble ring
 35793 | Shoals:2 | Identified the ring "Eneptaotz" {Ice rElec rN+} (You found it on level 2 of the Shoals)
 36453 | Shoals:4 | Entered Level 4 of the Shoals
 36764 | Shoals:4 | Noticed Ilsuiw
 36988 | Shoals:4 | Killed Ilsuiw
 37306 | Shoals:4 | Gained mutation: You are partially covered in thin metallic scales (AC +2). [potion of beneficial mutation]
 37329 | Shoals:4 | Reached skill level 10 in Evocations
 37559 | Shoals:4 | Got a barnacled rune of Zot
 37961 | Vaults:1 | Entered Level 1 of the Vaults
 38732 | Vaults:1 | Reached XP level 19. HP: 186/186 MP: 20/20
 39753 | Vaults:2 | Reached skill level 26 in Axes
 40849 | Vaults:2 | Gained mutation: You have an increased reservoir of magic (+10% MP). [potion of beneficial mutation]
 41984 | Vaults:3 | Found a staircase to the Crypt.
 41999 | Vaults:3 | Reached XP level 20. HP: 196/196 MP: 26/26
 42306 | Vaults:4 | Found Ecwirano's Antique Weapon Boutique.
 42484 | Vaults:4 | Found Noinaja's Book Shoppe.
 42559 | Vaults:4 | Noticed Jorgrun
 42574 | Vaults:4 | Killed Jorgrun
 42732 | Vaults:4 | Found a portal to a secret trove of treasure.
 43489 | Vaults:4 | Found Toxoib's Gadget Boutique.
 43594 | Vaults:4 | Found Ikug's Magic Scroll Boutique.
 43605 | Vaults:4 | Bought a scroll of enchant armour for 135 gold pieces
 43605 | Vaults:4 | Bought a scroll of identify for 36 gold pieces
 43605 | Vaults:4 | Bought a scroll of teleportation for 54 gold pieces
 43605 | Vaults:4 | Bought a scroll of teleportation for 54 gold pieces
 43605 | Vaults:4 | Bought a scroll of identify for 36 gold pieces
 44553 | Snake:1  | Bought a sack of spiders for 300 gold pieces
 44553 | Snake:1  | Bought a stone of tremors for 600 gold pieces
 44862 | Depths:1 | Entered Level 1 of the Depths
 45044 | Depths:1 | Reached XP level 21. HP: 214/216 MP: 27/27
 45077 | Depths:1 | Identified a scroll of acquirement
 45353 | Depths:1 | Found a gateway to Hell.
 45870 | Depths:2 | Reached skill level 15 in Armour
 46143 | Depths:2 | Noticed Mara
 46461 | Depths:2 | Found a glowing golden altar of the Shining One.
 46527 | Depths:2 | Noticed Kenran's illusion
 46770 | Depths:1 | Noticed Kenran's illusion
 47212 | Depths:2 | Cast into level 2 of the Abyss (ettin)
 47221 | Depths:2 | Escaped the Abyss
 47269 | Depths:2 | Got a bound steel ring
 47271 | Depths:2 | Identified the ring "Zefok" {rPois MR+ Dex+2} (You found it on level 2 of the Depths)
 47599 | Depths:2 | Reached skill level 15 in Invocations
 48466 | Depths:4 | Noticed Louise
 48477 | Depths:4 | Killed Louise
 48532 | Depths:4 | Reached XP level 22. HP: 155/224 MP: 28/28
 48666 | Depths:4 | Found a one-way gate to the infinite horrors of the Abyss.
 49218 | Depths:3 | Noticed an ancient lich
 49230 | Depths:3 | Killed an ancient lich
 49346 | Depths:3 | HP: 8/224 [redback (8)]
 49346 | Depths:3 | Shot with a bolt by a yaktaur

Skill      XL: |  1  2  3  4  5  6  7  8  9 10 11 12 13 14 15 16 17 18 19 20 21 22 |
---------------+-------------------------------------------------------------------+-----
Axes           | 3 4 5 7 8 10 13 14 17 20 21 23 25 26 | 26.1
Fighting       | 7 8 11 14 15 16 19 | 19.0
Armour         | 8 11 12 14 15 | 15.2
Invocations    | 6 9 10 16 18 | 18.3
Evocations     | 3 11 13 | 13.5
Shields        | |  3.2

Action                   |  1- 3 |  4- 6 |  7- 9 | 10-12 | 13-15 | 16-18 | 19-21 | 22-24 || total
-------------------------+-------+-------+-------+-------+-------+-------+-------+-------++-------
Melee: War axe           |    60 |   326 |   395 |       |       |       |       |       ||   781
       Hand axe          |       |       |    30 |  1202 |       |       |       |       ||  1232
       Flail             |       |       |       |    68 |       |       |       |       ||    68
       Executioner's axe |       |       |       |    34 |  1288 |  1243 |  1538 |   125 ||  4228
Invok: Lesser Servant of |       |       |       |       |       |     2 |     1 |       ||     3
       Greater Servant o |       |       |       |       |       |     3 |     2 |     1 ||     6
 Abil: Device Recharging |       |     1 |     2 |       |     2 |     2 |     2 |     2 ||    11
Evoke: Wand              |     1 |     7 |     9 |     4 |     6 |    10 |     9 |     5 ||    51
       Sack of spiders   |       |       |       |       |       |       |     1 |       ||     1
  Use: Potion            |       |     1 |       |     2 |     2 |     7 |     4 |     5 ||    21
       Scroll            |       |       |    12 |     6 |    21 |    12 |    11 |     2 ||    64
 Stab: Distracted        |       |       |       |       |       |     2 |       |     2 ||     4
  Eat: Chunk             |       |     7 |     7 |    22 |    26 |    15 |     5 |       ||    82
       Royal jelly       |       |     1 |     1 |     1 |       |       |       |       ||     3
       Meat ration       |       |       |     1 |       |       |       |     4 |     1 ||     6
       Pizza             |       |       |       |     5 |     2 |     1 |     2 |       ||    10
       Fruit             |       |       |       |     4 |       |    13 |     8 |       ||    25
       Beef jerky        |       |       |       |     1 |     4 |     7 |       |       ||    12
Armor: Scale mail        |    26 |    18 |       |       |       |       |       |       ||    44
       Chain mail        |       |   140 |   198 |       |       |       |       |       ||   338
       Plate armour      |       |       |     2 |   542 |   801 |   817 |   789 |    81 ||  3032
       Skin              |       |       |     2 |       |       |       |       |       ||     2
Dodge: Dodged            |    16 |    48 |    52 |   112 |   361 |   328 |   264 |    34 ||  1215
Block: Shield            |    17 |   143 |   175 |   697 |       |       |       |       ||  1032
       Reflection        |       |       |       |    13 |     8 |    46 |    33 |    12 ||   112
       Other             |       |       |       |     3 |   295 |   269 |   262 |    25 ||   854
